 Dungeon Crawl Stone Soup version 0.27-a0-951-gae3e1deef5 (webtiles) character file.

Game seed: 17260137125888462561

18 shoop the Sneak (level 2, -2/25 HPs)
             Began as a Demigod Delver on Apr 11, 2021.
             Slain by a kobold
             ... wielding a +3 whip
              (3 damage)
             ... on level 2 of the Dungeon.
             The game lasted 00:01:03 (557 turns).

shoop the Sneak (Demigod Delver)                     Turns: 557, Time: 00:01:03

Health: -2/25      AC:  3    Str: 13    XL:     2   Next: 36%
Magic:  4/4        EV: 12    Int: 12    God:
Gold:   0          SH:  0    Dex: 15    Spells: 1/1 levels left

rFire    . . .     SeeInvis .   a - +0 falchion
rCold    . . .     Faith    .   (no shield)
rNeg     . . .     Spirit   .   b - +0 leather armour
rPois    .         Reflect  .   (no helmet)
rElec    .         Harm     .   (no cloak)
rCorr    .         Rampage  .   (no gloves)
Will     .....                  (no boots)
Stlth    +++.......             (no amulet)
HPRegen  0.08/turn              (no ring)
MPRegen  0.09/turn              (no ring)

@: no status effects
A: high mp 1, forlorn
a: no special abilities


You were on level 2 of the Dungeon.
You visited 1 branch of the dungeon, and saw 4 of its levels.

Inventory:

Hand Weapons
 a - a +0 falchion (weapon)
Armour
 b - a +0 leather armour (worn)
Magical Staves
 i - a staff of earth
Wands
 g - a wand of digging (3)
Scrolls
 c - a scroll of fog
 d - a scroll of magic mapping
 e - a scroll of fear
 j - a scroll of enchant armour {unknown}
Potions
 f - a potion of haste
 h - a potion of heal wounds
 k - a potion of curing {unknown}
 l - 2 potions of attraction {unknown}


   Skills:
 + Level 2.8 Fighting
 + Level 2.0 Long Blades
 + Level 0.1 Armour
 + Level 1.8 Dodging
 + Level 4.9 Stealth


You had one spell level left.
You didn't know any spells.
Your spell library was empty.

Dungeon Overview and Level Annotations

Branches:
Dungeon (5/15)
 Temple: D:4-7


Innate Abilities, Weirdness & Mutations

Your attributes grow dramatically as you level up.
You have an increased reservoir of magic. (+10% MP)
You shall have no god before yourself.


Message History

You closely miss the adder.
The adder is heavily wounded.
The adder bites you but does no damage.
You miss the adder.
The adder is heavily wounded.
You feel sick. The adder bites you.
You hit the adder.
You kill the adder!
You feel sick.
Your Long Blades skill increases to level 2!
You have reached level 2!
You feel sick.
You feel sick.
You are no longer poisoned.
HP restored.
Found a shimmering altar of Xom.
A kobold comes into view. It is wielding a +3 whip.
Found 16 sling bullets.
A frilled lizard comes into view.
The frilled lizard hisses angrily.
The kobold shouts!
The kobold hits you with a +3 whip.
You barely miss the kobold. The kobold barely misses you.
The frilled lizard closely misses you.
You hit the kobold but do no damage. The kobold hits you with a +3 whip!
The frilled lizard misses you.
You riposte.
You hit the frilled lizard.
You kill the frilled lizard!
The kobold hits you with a +3 whip.
You are too injured to fight recklessly!
You are too injured to fight recklessly!
You are too injured to fight recklessly!
You are too injured to fight recklessly!
You are too injured to fight recklessly!
You barely miss the kobold. The kobold hits you with a +3 whip.
You hit the kobold but do no damage. The kobold hits you with a +3 whip.
* * * LOW HITPOINT WARNING * * *
You closely miss the kobold. The kobold hits you with a +3 whip.
* * * LOW HITPOINT WARNING * * *
You barely miss the kobold. The kobold hits you with a +3 whip.
You die...

#..#########
#..########
#..........
#..######..
#######......(..
............###.
#######.._..###..
#...............
#.####..@K......
#..##...... #...
...... ##.#
...#.. #.# ## .
#.# ... #.


You could see a kobold.

Vanquished Creatures
  An adder (D:2)
  An ufetubus (D:5)
  An endoplasm (D:3)
  A bat (D:2)
  2 frilled lizards
  A kobold (D:2)
7 creatures vanquished.

Notes
Turn   | Place    | Note
-------+----------+-------------------------------------------
     0 | D:5      | shoop the Demigod Delver began the quest for the Orb.
     0 | D:5      | Reached XP level 1. HP: 18/18 MP: 3/3
    35 | D:5      | Noticed a hound
    40 | D:4      | Noticed a necrophage
   294 | D:2      | Reached XP level 2. HP: 9/25 MP: 4/4
   556 | D:2      | HP: 1/25 [kobold/+3 whip (6)]
   557 | D:2      | Slain by a kobold

Illustrated notes

Levels and vault maps discovered:
D:2:      layout_loops_ring, basic_altar
D:3:      layout_basic
D:4:      layout_basic, st_stairs_1, kennysheep_generic_room_15, uniq_grinder,
          uniq_blork_the_orc
D:5:      layout_basic, uniq_pikel

Skill      XL: |  1 |
---------------+----+-----
Long Blades    | 2 |  2.0
Fighting       | |  2.8
Armour         | |  0.1
Dodging        | |  1.8
Stealth        | |  4.9

Action                   || total
-------------------------++-------
Melee: Falchion          ||    26
  Use: Potion            ||     1
 Stab: Sleeping          ||     3
Armor: Leather armour    ||     5
Dodge: Dodged            ||    15
       Rpst.: Falchion   ||     7

Table legend: (Time is in decaauts)
 A = Elapsed time spent in this place.
 B = Non-inter-level travel time spent in this place.
 C = Inter-level travel time spent in this place.
 D = Time resting spent in this place.
 E = Time spent auto-exploring this place.
 F = Levels seen in this place.
 G = Mean time per level.
                   A        B        C        D        E       F      G
               +--------+--------+--------+--------+--------+-----+--------+
         Total |    561 |    561 |      0 |      0 |    453 |   4 |  140.2 |
       Dungeon |    561 |    561 |      0 |      0 |    453 |   4 |  140.2 |
               +--------+--------+--------+--------+--------+-----+--------+

Top non-repeatable levels by time:
     D:2: 351 daAuts
     D:3: 149 daAuts
     D:5: 40 daAuts
     D:4: 19 daAuts
